 Dungeon Crawl Stone Soup version 0.28-a0-1429-gf3d713df7a (webtiles) character file.

Game seed: 3737056035906188067

4 bearlyready the Caller (level 1, -2/13 HPs)
             Began as a Gnoll Summoner on Jan 8, 2022.
             Slain by a jackal (3 damage)
             ... on level 1 of the Dungeon.
             The game lasted 00:00:42 (182 turns).

bearlyready the Caller (Gnoll Summoner)              Turns: 182, Time: 00:00:43

Health: -2/13      AC:  2    Str:  7    XL:     1   Next: 60%
Magic:  3/6        EV: 13    Int: 14    God:
Gold:   0          SH:  0    Dex: 12    Spells: 8/9 levels left

rFire   . . .      SeeInvis .   (no weapon)
rCold   . . .      Faith    .   (no shield)
rNeg    . . .      Spirit   .   a - +0 robe
rPois   .          Reflect  .   (no helmet)
rElec   .          Harm     .   (no cloak)
rCorr   .          Rampage  .   (no gloves)
Will    .....                   (no boots)
Stlth   ++........              (no amulet)
HPRegen 0.04/turn               (no ring)
MPRegen 0.10/turn               (no ring)

@: no status effects
A: fangs 1, strong nose, distributed training
a: no special abilities


You were on level 1 of the Dungeon.
You visited 1 branch of the dungeon, and saw 1 of its levels.

Inventory:

Armour
 a - a +0 robe (worn)


   Skills:
 + Level 0.1 Fighting
 + Level 0.1 Short Blades
 + Level 0.1 Long Blades
 + Level 0.1 Axes
 + Level 0.1 Maces & Flails
 + Level 0.1 Polearms
 + Level 0.1 Staves
 + Level 0.1 Slings
 + Level 0.1 Bows
 + Level 0.1 Crossbows
 + Level 0.1 Throwing
 + Level 0.1 Armour
 + Level 4.4 Dodging
 + Level 4.0 Stealth
 + Level 0.1 Shields
 + Level 0.1 Unarmed Combat
 + Level 4.9 Spellcasting
 + Level 0.1 Conjurations
 + Level 0.1 Hexes
 + Level 7.0 Summonings
 + Level 0.1 Necromancy
 + Level 0.1 Translocations
 + Level 0.1 Transmutations
 + Level 0.1 Fire Magic
 + Level 0.1 Ice Magic
 + Level 0.1 Air Magic
 + Level 0.1 Earth Magic
 + Level 0.1 Poison Magic
 + Level 0.2 Invocations
 + Level 0.1 Evocations


You had 8 spell levels left.
You knew the following spells:

 Your Spells              Type           Power      Damage    Failure   Level
a - Summon Small Mammal   Summ           92%        N/A       1%          1

Your spell library contained the following spells:

 Spells                   Type           Power      Damage    Failure   Level
 Call Imp                 Summ           23%        N/A       1%          2
 Call Canine Familiar     Summ           23%        N/A       3%          3
 Summon Guardian Golem    Hex/Summ       13%        N/A       12%         3
 Summon Lightning Spire   Summ/Air       13%        N/A       38%         4


Dungeon Overview and Level Annotations

Branches:
Dungeon (1/15)

Altars:


Innate Abilities, Weirdness & Mutations

You have very sharp teeth.
Your uncanny sense of smell can sniff out nearby items.
Your experience applies equally to all skills.


Message History

The quokka misses your bat.
Your quokka bites the quokka.
The jackal misses your quokka.
Your bat misses the quokka. The jackal misses your bat.
The quokka barely misses your bat.
Your quokka closely misses the quokka.
The jackal bites your quokka. The jackal closely misses your bat.
Your bat closely misses the quokka.
The quokka misses your bat.
The jackal completely misses your quokka.
Your quokka closely misses the quokka.
The jackal barely misses your bat.
Your bat hits the quokka. The jackal misses your quokka.
The quokka barely misses your bat. The jackal closely misses your bat.
Your quokka closely misses the quokka.
Your bat hits the quokka.
The quokka dies!
The jackal barely misses your quokka. The jackal completely misses your bat.
Your quokka barely misses the jackal.
The jackal closely misses your quokka.
You hit the jackal but do no damage. Your bat hits the jackal.
Your quokka barely misses the jackal.
The jackal barely misses your quokka. The jackal bites you.
Your quokka bites the jackal.
The jackal barely misses your quokka. The jackal barely misses you.
Your bat hits the jackal but does no damage.
Your quokka bites the jackal but does no damage.
The jackal bites your quokka but does no damage.
Your bat barely misses the jackal.
Your bat hits the jackal but does no damage.
The jackal bites your quokka.
Your quokka misses the jackal. The jackal closely misses you.
Something bites your quokka.
Your quokka dies!
Your quokka's corpse disappears in a puff of smoke!
The jackal bites you.
* * * LOW HITPOINT WARNING * * *
You hit the jackal.
The jackal is moderately wounded.
Your bat misses the jackal. Your bat hits the jackal.
The jackal barely misses you. The jackal misses you.
Casting: Summon Small Mammal (safe; 1% risk of failure)
Press: ? - help, Q - select action Dir - look around, f - activate Your bat closely misses the jackal.
The jackal bites you.
* * * LOW HITPOINT WARNING * * *
The jackal closely misses you. The jackal bites you.
You die...

...###############h.....#
...# ##.......## #...#..#
.?.###.........###..###.#
...##...[.......##..# #[#
#..#.............#..###.#
..##.............##J.##.#
.# #..........b..#g#..#.#
.......<.....hhS§#...#
#............@#.#....#
#............r##....##
#.............#....##
##...........##....#
##.........###....#
##.......## #...>.
######### #...### ∆


You could see an endoplasm, 2 jackals, a hobgoblin, a ball python, a friendly
bat (summoned) and a friendly rat (summoned).

Vanquished Creatures
  A ball python (D:1)
1 creature vanquished.

Vanquished Creatures (collateral kills)
  A hobgoblin (D:1)
  A quokka (D:1)
  A frilled lizard (D:1)
3 creatures vanquished.

Grand Total: 4 creatures vanquished

Notes
Turn   | Place    | Note
-------+----------+-------------------------------------------
     0 | D:1      | bearlyready the Gnoll Summoner began the quest for the Orb.
     0 | D:1      | Reached XP level 1. HP: 13/13 MP: 6/6
   182 | D:1      | Slain by a jackal

Illustrated notes

Levels and vault maps discovered:
D:1:      psy_arrival_dodecagon, layout_basic, basic_ecumenical_altar

Action                   || total
-------------------------++-------
Melee: Unarmed           ||    15
       Bite              ||     3
 Cast: Summon Small Mamm ||    11
  Use: Potion            ||     1
Armor: Robe              ||     8
Dodge: Dodged            ||    26

Table legend: (Time is in decaauts)
 A = Elapsed time spent in this place.
 B = Non-inter-level travel time spent in this place.
 C = Inter-level travel time spent in this place.
 D = Time resting spent in this place.
 E = Time spent auto-exploring this place.
 F = Levels seen in this place.
 G = Mean time per level.
                   A        B        C        D        E       F      G
               +--------+--------+--------+--------+--------+-----+--------+
         Total |    182 |    182 |      0 |      0 |    111 |   1 |  182.0 |
       Dungeon |    182 |    182 |      0 |      0 |    111 |   1 |  182.0 |
               +--------+--------+--------+--------+--------+-----+--------+

Top non-repeatable levels by time:
     D:1: 182 daAuts
